General information
- name: BNet
- type: Ladder team game (AT/RT)
- host: Battle.net
- saver: TIMG4STRok
map: GnollWood
- players: 4
- length: 12:21
- speed: Fast
- version: 1.21 W3XP
- replay type:

» download(84 KB)
Players
team 1 (winner)

»
iggy_the_fisk (
blue | 123 APM | 1518 actions | 12:20)
4 Blademaster
2 Wind Walk
2 Critical Strike
1 Shadow Hunter
1 Hex
» actions
| Assign group hotkey | 165 | |
| Basic commands | 3 | |
| Build / train | 44 | |
| Enter build submenu | 10 | |
| Enter hero's abilities submenu | 5 | |
| Remove unit from queue | 1 | |
| Right click | 804 | |
| Select / deselect | 153 | |
| Select group hotkey | 277 | |
| Use ability | 56 | |
1518 total
» units
| Peon | 7 | |
| Grunt | 9 | |
| Raider | 4 | |
| Demolisher | 3 | |
23 total
» upgrades
| Berserker Strength | 1 | |
| Ensnare | 1 | |
2 total
» buildings
| Altar of Storms | 1 | |
| Orc Burrow | 4 | |
| Barracks | 1 | |
| Voodoo Lounge | 1 | |
| Stronghold | 2 | |
| Beastiary | 1 | |
| War Mill | 1 | |
11 total
» build order
00:05 Altar of Storms
00:18 Orc Burrow
00:36 Barracks
01:26 Orc Burrow
01:53 Voodoo Lounge
02:51 Stronghold
03:42 Orc Burrow
04:43 Orc Burrow
05:15 Beastiary
05:16 War Mill
» items
| Boots of Speed | 1 | |
| Healing Salve | 4 | |
5 total

»
TIMG4STRok (
orange | 177 APM | 2181 actions | 12:21)
3 Blademaster
2 Wind Walk
1 Critical Strike
2 Shadow Hunter
1 Hex
1 Healing Wave
» actions
| Assign group hotkey | 23 | |
| Basic commands | 38 | |
| Build / train | 39 | |
| Enter build submenu | 10 | |
| Enter hero's abilities submenu | 5 | |
| Right click | 1149 | |
| Select / deselect | 137 | |
| Select group hotkey | 736 | |
| Use ability | 44 | |
2181 total
» units
» upgrades
| Berserker Strength | 1 | |
| Ensnare | 2 | |
| Pillage | 1 | |
4 total
» buildings
| Altar of Storms | 1 | |
| Orc Burrow | 4 | |
| Barracks | 1 | |
| Voodoo Lounge | 1 | |
| Stronghold | 1 | |
| Beastiary | 1 | |
| Spirit Lodge | 1 | |
| Great Hall | 1 | |
11 total
» build order
00:03 Altar of Storms
00:14 Orc Burrow
00:30 Barracks
01:34 Orc Burrow
02:02 Voodoo Lounge
03:28 Stronghold
04:13 Orc Burrow
06:48 Beastiary
10:46 Spirit Lodge
11:23 Great Hall
11:47 Orc Burrow
» items
| Lesser Clarity Potion | 3 | |
| Healing Salve | 2 | |
| Scroll of Town Portal | 1 | |
6 total
team 2 (loser)

»
KoreaKoreaKorea (
purple | 245 APM | 2982 actions | 12:11)
2 Death Knight
1 Death Coil
1 Unholy Aura
1 Lich
1 Frost Nova
» actions
| Assign group hotkey | 50 | |
| Basic commands | 33 | |
| Build / train | 31 | |
| Enter build submenu | 13 | |
| Enter hero's abilities submenu | 4 | |
| Right click | 325 | |
| Select / deselect | 364 | |
| Select group hotkey | 2098 | |
| Use ability | 64 | |
2982 total
» units
| Acolyte | 2 | |
| Ghoul | 2 | |
| Crypt Fiend | 10 | |
| Obsidian Statue | 2 | |
16 total
» upgrades
» buildings
| Graveyard | 2 | |
| Crypt | 1 | |
| Altar of Darkness | 1 | |
| Ziggurat | 5 | |
| Tomb of Relics | 1 | |
| Halls of the Dead | 1 | |
| Slaughterhouse | 1 | |
| Sacrificial Pit | 1 | |
| Black Citadel | 1 | |
14 total
» build order
00:11 Graveyard
00:13 Crypt
00:15 Graveyard
00:30 Altar of Darkness
00:47 Ziggurat
01:36 Tomb of Relics
01:54 Ziggurat
03:48 Halls of the Dead
04:21 Ziggurat
08:26 Slaughterhouse
08:58 Ziggurat
08:59 Sacrificial Pit
11:37 Black Citadel
11:46 Ziggurat
» items
| Rod of Necromancy | 2 | |
| Dust of Appearance | 2 | |
| Scroll of Town Portal | 1 | |
| Potion of Healing | 1 | |
6 total

»
S1ick82 (
red | 91 APM | 1119 actions | 12:19)
1 Demon Hunter
1 Mana Burn
» actions
| Assign group hotkey | 16 | |
| Basic commands | 93 | |
| Build / train | 37 | |
| ESC pressed | 3 | |
| Enter build submenu | 20 | |
| Enter hero's abilities submenu | 1 | |
| Remove unit from queue | 1 | |
| Right click | 540 | |
| Select / deselect | 232 | |
| Select group hotkey | 121 | |
| Use ability | 55 | |
1119 total
» units
» upgrades
» buildings
| Altar of Elders | 2 | |
| Moon Well | 6 | |
| Hunter's Hall | 1 | |
| Ancient of War | 4 | |
| Tree of Ages | 5 | |
| Ancient of Wonders | 1 | |
| Tree of Life | 1 | |
20 total
» build order
00:10 Altar of Elders
00:20 Moon Well
01:39 Hunter's Hall
01:56 Ancient of War
02:13 Moon Well
02:42 Ancient of War
03:04 Moon Well
03:34 Ancient of War
04:08 Ancient of War
04:52 Moon Well
06:49 Moon Well
07:12 Moon Well
07:24 Tree of Ages
07:24 Tree of Ages
07:24 Tree of Ages
08:41 Ancient of Wonders
09:33 Altar of Elders
12:02 Tree of Life
» items
Chat log
(00:20 / All) TIMG4STRok: gl hf
(00:24 / All) S1ick82: gl gl
(00:28 / All) iggy_the_fisk: 1234512345
(00:37 / All) KoreaKoreaKorea: 1234
(12:17 / All) TIMG4STRok: gg